PAA
WESTWOOD SIXSHOOTERS @ CRESCENT CITY KREWE
08/30/2042
 
TOP OF THE 1ST
Westwood Sixshooters batting - Pitching for Crescent City Krewe : RHP Taine Poutini
Pitching: RHP Taine Poutini
Batting: LHB Derek Kelly 0-0: Swinging Strike
0-1: Foul Ball, location: 2F
0-2: Ball
1-2: Foul Ball, location: 2F
1-2: DOUBLE (Line Drive, 78D, EV 103.1 MPH)
Batting: SHB William Anderson 0-0: Called Strike
0-1: Called Strike
0-2: Ball
1-2: Ball
2-2: Ball
3-2: Foul Ball, location: 2F
3-2: Foul Ball, location: 2F
3-2: Strikes out swinging
Batting: LHB Rick Kirkham 0-0: Ball
1-0: Swinging Strike
1-1: Ball
2-1: Ball
Derek Kelly is caught stealing 3rd base 2-5
3-1: Foul Ball, location: 2F
3-2: Base on Balls
Batting: LHB Luis Benítez 0-0: Ball
1-0: Foul Ball, location: 2F
1-1: Called Strike
1-2: Foul Ball, location: 2F
1-2: Foul Ball, location: 2F
1-2: Ball
2-2: SINGLE (Line Drive, 89S, EV 104.4 MPH)
Rick Kirkham to second
Batting: LHB Allan Colston 0-0: Fly out, F8 (Flyball, 89S, EV 88.8 MPH)
Top of the 1st over - 0 runs, 2 hits, 0 errors, 2 left on base; Westwood 0 - Crescent City 0
BOTTOM OF THE 1ST
Crescent City Krewe batting - Pitching for Westwood Sixshooters : RHP Jalmari Lostedt
Pitching: RHP Jalmari Lostedt
Batting: SHB David Knight 0-0: Called Strike
0-1: Foul Ball, location: 2F
0-2: Strikes out swinging
Batting: RHB Juan David Fernán 0-0: Ball
1-0: Swinging Strike
1-1: Ground out 4-3 (Groundball, 4, EV 81.9 MPH)
Batting: RHB Norbert Schalk 0-0: Ball
1-0: Called Strike
1-1: Ball
2-1: Foul Ball, location: 2F
2-2: Ball
3-2: Strikes out swinging
Bottom of the 1st over - 0 runs, 0 hits, 0 errors, 0 left on base; Westwood 0 - Crescent City 0
TOP OF THE 2ND
Westwood Sixshooters batting - Pitching for Crescent City Krewe : RHP Taine Poutini
Batting: RHB Slavik Akentiev 0-0: Ball
1-0: Ball
2-0: Called Strike
2-1: Ball
3-1: Base on Balls
Batting: RHB John Siddall 0-0: Called Strike
0-1: Ball
1-1: Ball
2-1: Ball
3-1: Swinging Strike
3-2: Foul Ball, location: 2F
3-2: Foul Ball, location: 2F
3-2: DOUBLE (Flyball, 8RD, EV 98.1 MPH)
Slavik Akentiev to third
Batting: RHB Patrick Rivera 0-0: Called Strike
0-1: Ball
1-1: Ball
2-1: Foul Ball, location: 2F
2-2: Foul Ball, location: 2F
2-2: Ball
3-2: Foul Ball, location: 2F
3-2: Base on Balls
Batting: RHB Edmond Hallewell 0-0: Ball
1-0: Ball
2-0: SINGLE (Groundball, 6MD, EV 103.8 MPH)
Slavik Akentiev scores
John Siddall to third
Patrick Rivera to second
Runner from 3rd tries for Home, SAFE, no throw by CF
Batting: LHB Derek Kelly 0-0: Foul Ball, location: 2F
0-1: Swinging Strike
0-2: Foul Ball, location: 2F
0-2: Fielders Choice at 2nd, 3-6 (Groundball, 34, EV 81.2 MPH)
Patrick Rivera to third
Batting: SHB William Anderson 0-0: Ball
1-0: Ball
2-0: Foul Ball, location: 2F
2-1: Foul Ball, location: 2F
2-2: Foul Ball, location: 2F
2-2: Foul Ball, location: 2F
2-2: Foul Ball, location: 2F
2-2: Fly out, F4 (Popup, 4M, EV 61.9 MPH)
Batting: LHB Rick Kirkham 0-0: Called Strike
0-1: Foul Ball, location: 2F
0-2: Strikes out looking
Top of the 2nd over - 2 runs, 2 hits, 0 errors, 2 left on base; Westwood 2 - Crescent City 0
BOTTOM OF THE 2ND
Crescent City Krewe batting - Pitching for Westwood Sixshooters : RHP Jalmari Lostedt
Batting: LHB Dustin Damitz 0-0: Foul Ball, location: 2F
0-1: Swinging Strike
0-2: Ball
1-2: Fly out, F6 (Popup, 6MS, EV 86.9 MPH)
Batting: RHB Martin Stevens 0-0: Ball
1-0: DOUBLE (Line Drive, 7LS, EV 90.0 MPH)
Batting: LHB Reggie Gommers 0-0: Ground out 5-3 (Groundball, 56, EV 106.2 MPH)
Batting: RHB Jermaine Vassell 0-0: Called Strike
0-1: Ball
1-1: Foul Ball, location: 2F
1-2: Strikes out swinging
Bottom of the 2nd over - 0 runs, 1 hit, 0 errors, 1 left on base; Westwood 2 - Crescent City 0
TOP OF THE 3RD
Westwood Sixshooters batting - Pitching for Crescent City Krewe : RHP Taine Poutini
Batting: LHB Luis Benítez 0-0: Ball
1-0: Called Strike
1-1: Swinging Strike
1-2: Foul Ball, location: 2F
1-2: Foul Ball, location: 2F
1-2: Ball
2-2: Ball
3-2: Fly out, F8 (Flyball, 8LD, EV 103.8 MPH)
Batting: LHB Allan Colston 0-0: Ground out U3 (Groundball, 3L, EV 85.0 MPH)
Batting: RHB Slavik Akentiev 0-0: Swinging Strike
0-1: Swinging Strike
0-2: Ball
1-2: Hit by Pitch
Batting: RHB John Siddall 0-0: Ball
1-0: Ball
2-0: Ball
3-0: Base on Balls
Slavik Akentiev to second
Batting: RHB Patrick Rivera 0-0: Called Strike
0-1: SINGLE (Groundball, 6MD, EV 94.4 MPH)
Slavik Akentiev to third
John Siddall to second
Runner from 3rd tries for Home, SAFE, throw by CF to home
Batting: RHB Edmond Hallewell 0-0: Ball
1-0: Ball
2-0: Foul Ball, location: 2F
2-1: Ball
3-1: Foul Ball, location: 2F
3-2: Base on Balls
John Siddall to third
Patrick Rivera to second
Batting: LHB Derek Kelly 0-0: Foul Ball, location: 2F
0-1: Ball
1-1: Ball
2-1: Ground out 2-3 (Groundball, 15S, EV 69.4 MPH)
Top of the 3rd over - 1 run, 1 hit, 0 errors, 3 left on base; Westwood 3 - Crescent City 0
BOTTOM OF THE 3RD
Crescent City Krewe batting - Pitching for Westwood Sixshooters : RHP Jalmari Lostedt
Batting: RHB Aroosha Zafar 0-0: Ground out 6-3 (Groundball, 6, EV 106.9 MPH)
Batting: RHB Aaron Powell 0-0: Ball
1-0: Called Strike
1-1: Ball
2-1: Foul Ball, location: 2F
2-2: Strikes out swinging
Batting: SHB David Knight 0-0: Ball
1-0: Called Strike
1-1: Ball
2-1: Fly out, F7 (Flyball, 78S, EV 87.5 MPH)
Bottom of the 3rd over - 0 runs, 0 hits, 0 errors, 0 left on base; Westwood 3 - Crescent City 0
TOP OF THE 4TH
Westwood Sixshooters batting - Pitching for Crescent City Krewe : RHP Taine Poutini
Batting: SHB William Anderson 0-0: Ball
1-0: Fly out, F7 (Flyball, 7D, EV 91.9 MPH)
Batting: LHB Rick Kirkham 0-0: Ball
1-0: Swinging Strike
1-1: Ball
2-1: Fly out, F8 (Line Drive, 8RM, EV 98.8 MPH)
Batting: LHB Luis Benítez 0-0: Ball
1-0: Ball
2-0: Ball
3-0: Base on Balls
Pitching: RHP Mauro Sandín
Batting: LHB Allan Colston 0-0: Called Strike
0-1: Ball
1-1: Ball
2-1: Fly out, F7 (Flyball, 7, EV 92.5 MPH)
Top of the 4th over - 0 runs, 0 hits, 0 errors, 1 left on base; Westwood 3 - Crescent City 0
BOTTOM OF THE 4TH
Crescent City Krewe batting - Pitching for Westwood Sixshooters : RHP Jalmari Lostedt
Batting: RHB Juan David Fernán 0-0: Ball
1-0: Ball
2-0: Called Strike
2-1: Ball
3-1: Ground out U3 (Groundball, 34, EV 80.0 MPH)
Batting: RHB Norbert Schalk 0-0: Ball
1-0: Ball
2-0: Swinging Strike
2-1: Foul Ball, location: 2F
2-2: Ground out 1-3 (Groundball, P, EV 85.0 MPH)
Batting: LHB Dustin Damitz 0-0: Ball
1-0: Foul Ball, location: 2F
1-1: Ball
2-1: Foul Ball, location: 2F
2-2: Strikes out swinging
Bottom of the 4th over - 0 runs, 0 hits, 0 errors, 0 left on base; Westwood 3 - Crescent City 0
TOP OF THE 5TH
Westwood Sixshooters batting - Pitching for Crescent City Krewe : RHP Mauro Sandín
Batting: RHB Slavik Akentiev 0-0: Ball
1-0: Called Strike
1-1: Fly out, F6 (Popup, 56D, EV 49.4 MPH)
Batting: RHB John Siddall 0-0: Swinging Strike
0-1: Fly out, F5 (Popup, 5S, EV 80.0 MPH)
Batting: RHB Patrick Rivera 0-0: Called Strike
0-1: Ball
1-1: Foul Ball, location: 2F
1-2: Foul Ball, location: 2F
1-2: Ball
2-2: Foul Ball, location: 2F
2-2: DOUBLE (Line Drive, 78D, EV 102.5 MPH)
Batting: RHB Edmond Hallewell 0-0: Foul Ball, location: 2F
0-1: Ground out 6-3 (Groundball, 6, EV 91.2 MPH)
Top of the 5th over - 0 runs, 1 hit, 0 errors, 1 left on base; Westwood 3 - Crescent City 0
BOTTOM OF THE 5TH
Crescent City Krewe batting - Pitching for Westwood Sixshooters : RHP Jalmari Lostedt
Batting: RHB Martin Stevens 0-0: Ball
1-0: Foul Ball, location: 2F
1-1: Swinging Strike
1-2: Ball
2-2: Hit by Pitch
Batting: LHB Reggie Gommers 0-0: Foul Ball, location: 2F
0-1: Grounds into double play, 6-4-3 (Groundball, 6M, EV 106.9 MPH)
Batting: RHB Jermaine Vassell 0-0: Called Strike
0-1: Fly out, F9 (Flyball, 89D, EV 93.1 MPH)
Bottom of the 5th over - 0 runs, 0 hits, 0 errors, 0 left on base; Westwood 3 - Crescent City 0
TOP OF THE 6TH
Westwood Sixshooters batting - Pitching for Crescent City Krewe : RHP Mauro Sandín
Batting: LHB Derek Kelly 0-0: Foul Ball, location: 2F
0-1: Ball
1-1: Ground out 6-3 (Groundball, 6, EV 90.6 MPH)
Batting: SHB William Anderson 0-0: Called Strike
0-1: Ball
1-1: Ball
2-1: Ball
3-1: Base on Balls
Batting: LHB Rick Kirkham 0-0: Ball
1-0: Ball
2-0: Ball
3-0: Base on Balls
William Anderson to second
Batting: LHB Luis Benítez 0-0: Fly out, F7 (Flyball, 7S, EV 88.8 MPH)
Batting: LHB Allan Colston 0-0: Ground out U3 (Groundball, 34, EV 103.1 MPH)
Top of the 6th over - 0 runs, 0 hits, 0 errors, 2 left on base; Westwood 3 - Crescent City 0
BOTTOM OF THE 6TH
Crescent City Krewe batting - Pitching for Westwood Sixshooters : RHP Jalmari Lostedt
Batting: RHB Aroosha Zafar 0-0: SINGLE (Groundball, 6MD, EV 105.6 MPH)
Batting: RHB Aaron Powell 0-0: Ball
1-0: Ball
2-0: Bunted foul
2-1: Sac Bunt to 13 - play at first, batter OUT! 1-4
Aroosha Zafar to second
Batting: SHB David Knight 0-0: Ball
Aroosha Zafar is caught stealing 3rd base 2-5
1-0: Ground out U3 (Groundball, 34, EV 83.8 MPH)
Bottom of the 6th over - 0 runs, 1 hit, 0 errors, 0 left on base; Westwood 3 - Crescent City 0
TOP OF THE 7TH
Westwood Sixshooters batting - Pitching for Crescent City Krewe : RHP Mauro Sandín
Batting: RHB Slavik Akentiev 0-0: Ball
1-0: Called Strike
1-1: Foul Ball, location: 2F
1-2: Foul Ball, location: 2F
1-2: Ball
2-2: Ground out U3 (Groundball, 3L, EV 101.9 MPH)
Batting: RHB John Siddall 0-0: Foul Ball, location: 2F
0-1: Ball
1-1: Ball
2-1: Reached on error, E6 (Groundball, 6S, EV 66.9 MPH)
Batting: RHB Patrick Rivera 0-0: Called Strike
0-1: Swinging Strike
0-2: Foul Ball, location: 2F
0-2: Strikes out swinging
Batting: RHB Edmond Hallewell 0-0: Ball
1-0: Ball
2-0: Reached on error, E1 (Groundball, 13, EV 85.6 MPH)
John Siddall to third
Batting: LHB Derek Kelly 0-0: Called Strike
0-1: Ball
1-1: Foul Ball, location: 2F
1-2: SINGLE (Line Drive, 4MD, EV 107.5 MPH)
John Siddall scores
Edmond Hallewell to second
Runner from 2nd tries for 3rd, SAFE, throw by CF made to third
Batting: SHB William Anderson 0-0: Called Strike
0-1: Foul Ball, location: 2F
0-2: Ball
Wild Pitch!
Edmond Hallewell scores
Derek Kelly to second
1-2: Fly out, F8 (Flyball, 8LS, EV 91.2 MPH)
Top of the 7th over - 2 runs, 1 hit, 2 errors, 1 left on base; Westwood 5 - Crescent City 0
BOTTOM OF THE 7TH
Crescent City Krewe batting - Pitching for Westwood Sixshooters : RHP Jalmari Lostedt
Batting: RHB Juan David Fernán 0-0: Ball
1-0: SINGLE (Groundball, 6MD, EV 96.9 MPH)
Batting: RHB Norbert Schalk 0-0: Ball
1-0: Called Strike
Juan David Fernán is caught stealing 2nd base 2-4
1-1: Ground out 6-3 (Groundball, 6, EV 80.0 MPH)
Batting: LHB Dustin Damitz 0-0: Called Strike
0-1: Foul Ball, location: 2F
0-2: Foul Ball, location: 2F
0-2: Foul Ball, location: 2F
0-2: Ball
1-2: Ball
2-2: SINGLE (Line Drive, 89S, EV 92.5 MPH)
Batting: RHB Martin Stevens 0-0: Ball
1-0: Called Strike
1-1: Foul Ball, location: 2F
1-2: Fly out, F8 (Line Drive, 8RM, EV 88.1 MPH)
Bottom of the 7th over - 0 runs, 2 hits, 0 errors, 1 left on base; Westwood 5 - Crescent City 0
TOP OF THE 8TH
Westwood Sixshooters batting - Pitching for Crescent City Krewe : RHP Mauro Sandín
Batting: LHB Rick Kirkham 0-0: Foul Ball, location: 2F
0-1: Ball
1-1: Foul Ball, location: 2F
1-2: Foul Ball, location: 2F
1-2: Strikes out looking
Batting: LHB Luis Benítez 0-0: Ball
1-0: Ground out 5-3 (Groundball, 56, EV 83.8 MPH)
Batting: LHB Allan Colston 0-0: Ball
1-0: Foul Ball, location: 2F
1-1: Swinging Strike
1-2: Ball
2-2: Foul Ball, location: 2F
2-2: Foul Ball, location: 2F
2-2: Strikes out looking
Top of the 8th over - 0 runs, 0 hits, 0 errors, 0 left on base; Westwood 5 - Crescent City 0
BOTTOM OF THE 8TH
Crescent City Krewe batting - Pitching for Westwood Sixshooters : RHP Jalmari Lostedt
Batting: LHB Reggie Gommers 0-0: Called Strike
0-1: Ball
1-1: Foul Ball, location: 2F
1-2: SINGLE (Line Drive, 7S, EV 92.5 MPH)
Batting: RHB Jermaine Vassell 0-0: Ball
1-0: Fly out, F9 (Flyball, 9S, EV 86.9 MPH)
Batting: RHB Aroosha Zafar 0-0: Ball
1-0: Fielders Choice at 2nd, 4-6 (Groundball, 4, EV 84.4 MPH)
Batting: RHB Aaron Powell 0-0: SINGLE (Groundball, 34, EV 106.9 MPH) (infield hit)
Aroosha Zafar to second
Batting: SHB David Knight 0-0: Ball
1-0: Ball
2-0: Ball
3-0: Base on Balls
Aroosha Zafar to third
Aaron Powell to second
Batting: RHB Juan David Fernán 0-0: Foul Ball, location: 2F
0-1: Called Strike
0-2: Fielders Choice at 2nd, 6-4 (Groundball, 6, EV 98.1 MPH)
Bottom of the 8th over - 0 runs, 2 hits, 0 errors, 3 left on base; Westwood 5 - Crescent City 0
TOP OF THE 9TH
Westwood Sixshooters batting - Pitching for Crescent City Krewe : RHP Mauro Sandín
Batting: RHB Slavik Akentiev 0-0: Called Strike
0-1: Foul Ball, location: 2F
0-2: Ball
1-2: Ground out 5-3 (Groundball, 56, EV 85.0 MPH)
Batting: RHB John Siddall 0-0: Ball
1-0: Foul Ball, location: 2F
1-1: Ball
2-1: SINGLE (Groundball, 4D, EV 100.0 MPH)
Pitching: RHP Lonnie Rhodes
Batting: RHB Patrick Rivera 0-0: Foul Ball, location: 2F
0-1: Called Strike
0-2: Ball
1-2: Ball
Pickoff Throw to First - Out! 1-3
2-2: Foul Ball, location: 2F
2-2: Foul Ball, location: 2F
2-2: Ball
3-2: Base on Balls
Batting: RHB Edmond Hallewell 0-0: Ball
1-0: Ball
2-0: Fly out, F8 (Flyball, 89D, EV 96.9 MPH)
Top of the 9th over - 0 runs, 1 hit, 0 errors, 1 left on base; Westwood 5 - Crescent City 0
BOTTOM OF THE 9TH
Crescent City Krewe batting - Pitching for Westwood Sixshooters : RHP Jalmari Lostedt
Batting: RHB Norbert Schalk 0-0: Swinging Strike
0-1: Fly out, F8 (Flyball, 78D, EV 71.9 MPH)
Batting: LHB Dustin Damitz 0-0: Ball
1-0: Foul Ball, location: 2F
1-1: Swinging Strike
1-2: Foul Ball, location: 2F
1-2: SOLO HOME RUN (Flyball, 9D, EV 100.0 MPH), Distance : 378 ft
Pitching: RHP Finley Brinley
Batting: RHB Martin Stevens 0-0: Foul Ball, location: 2F
0-1: Swinging Strike
0-2: Fly out, F7 (Flyball, 7LS, EV 92.5 MPH)
Batting: LHB Reggie Gommers 0-0: Called Strike
0-1: Ground out 1-3 (Groundball, 34S, EV 65.6 MPH)
Bottom of the 9th over - 1 run, 1 hit, 0 errors, 0 left on base; Westwood 5 - Crescent City 1
Friday, March 26th, 2021 - OOTP Baseball 20.8 Build 74